 Dungeon Crawl Stone Soup version 0.31-a0-868-g674d60d6f7 (webtiles) character file.

Game seed: 7764746354437279995

186333 jasper the Brawler (level 18, -39/99 HPs)
             Began as a Vine Stalker Fighter on Oct 11, 2023.
             Was the Champion of Makhleb.
             Blown up by an orb spider (53 damage)
             ... with an orb of destruction
             ... on level 2 of the Spider Nest.
             The game lasted 01:00:00 (24152 turns).

jasper the Brawler (Vine Stalker Fighter)          Turns: 24152, Time: 01:00:01

Health: -39/99     AC: 31    Str: 24 (25) XL:     18   Next: 47%
Magic:  0/27       EV:  7    Int: 13      God:    Makhleb [******]
Gold:   2652       SH:  0    Dex: 16      Spells: 17/17 levels left

rFire   + +          .
                       - Unarmed
rCold   . . .        b - melded +1 buckler
rNeg    . . .        f - +5 plate armour of the Tsukumogami {rElec rF+ Will+ Int+3}
rPois   +            e - +2 helmet of the Mashing Gods {Int+2}
rElec   +            T - +2 cloak {rCorr}
rCorr   +            G - +0 pair of gloves
SInv    .            t - +1 pair of boots
Will    +++..        (no amulet) Stlth
                     I - ring of protection from fire
HPRegen 1.16/turn    y - ring of poison resistance
MPRegen 0.20/turn

%: guardian spirit
@: flux-form, glowing
A: glow, contaminating, fangs 3, regeneration 1, magic shield, antimagic bite,
no potion heal 2
a: Begin Untransformation, Renounce Religion, Minor Destruction, Lesser Servant
of Makhleb, Major Destruction, Greater Servant of Makhleb


You were on level 2 of the Spider Nest.
You worshipped Makhleb.
Makhleb was exalted by your worship.
You were something dangerously unstable.
You visited 5 branches of the dungeon, and saw 25 of its levels.
You visited the Abyss 1 time.
You also visited: Sewer, Ossuary, Ice Cave and Volcano.

You collected 3562 gold pieces.
You spent 910 gold pieces at shops.

Inventory:

Missiles
 c - 6 javelins
 g - 2 throwing nets
 n - 10 curare-tipped darts
 q - 235 stones
 r - 28 boomerangs (quivered)
 u - 45 poisoned darts
Armour
 a - a scarf of resistance
 b - a +1 buckler (melded)
 e - the +2 helmet of the Mashing Gods (worn) {Int+2}
   (You found it on level 11 of the Dungeon)

   Int+2:     It affects your intelligence (+2).
 f - the +5 plate armour of the Tsukumogami (worn) {rElec rF+ Will+ Int+3}
   (You found it on level 11 of the Dungeon)

   Int+3:     It affects your intelligence (+3).
   rF+:       It protects you from fire.
   rElec:     It insulates you from electricity.
   Will+:     It increases your willpower.
 t - a +1 pair of boots (worn)
 G - a +0 pair of gloves (worn)
 T - a +2 cloak of preservation (worn)
Jewellery
 h - a ring of fire
 k - a ring of flight
 y - a ring of poison resistance (right hand)
 I - a ring of protection from fire (left hand)
 Z - an amulet of reflection
Talismans
 d - a blade talisman
 l - a flux talisman (active)
Wands
 j - a wand of digging (5)
 E - a wand of flame (69)
 N - a wand of mindburst (21)
 Q - a wand of charming (6)
 R - a wand of iceblast (18)
Scrolls
 s - 2 scrolls of butterflies
 z - 2 scrolls of enchant armour
 A - 6 scrolls of immolation
 B - 8 scrolls of teleportation
 D - 2 scrolls of silence
 K - 3 scrolls of poison
 L - 3 scrolls of revelation
 M - 7 scrolls of fog
 S - 6 scrolls of vulnerability
 W - a scroll of torment
Potions
 i - 10 potions of curing
 o - 6 potions of mutation
 p - 3 potions of lignification
 v - 6 potions of haste
 x - 2 potions of resistance
 C - a potion of berserk rage
 H - 2 potions of ambrosia
 O - 8 potions of enlightenment
 U - 3 potions of might
 V - 4 potions of magic
 X - 5 potions of cancellation
 Y - a potion of invisibility


   Skills:
 + Level 12.7 Fighting
 + Level 12.3 Armour
 - Level 2.7 Shields
 * Level 15.6 Unarmed Combat
 + Level 11.9 Invocations
 - Level 14.0 Shapeshifting


You had 17 spell levels left.
You didn't know any spells.
Your spell library contained the following spells:

 Spells                   Type           Power      Damage    Failure   Level
 Kiss of Death            Conj/Necr      0%         2d5       96%         1
 Magic Dart               Conj           0%         1d3       96%         1
 Necrotise                Necr           0%         1d4       96%         1
 Call Imp                 Summ           0%         N/A       99%         2
 Ensorcelled Hibernation  Hex/Ice        0%         N/A       99%         2
 Jinxbite                 Hex            0%         N/A       99%         2
 Momentum Strike          Conj/Tloc      0%         3d8       99%         2
 Passwall                 Tmut/Erth      0%         N/A       99%         2
 Poisonous Vapours        Pois/Air       0%         N/A       99%         2
 Static Discharge         Conj/Air       0%         2-2/arc   99%         2
 Sublimation of Blood     Necr           0%         N/A       99%         2
 Wereblood                Tmut           0%         N/A       99%         2
 Confusing Touch          Hex            0%         N/A       100%        3
 Inner Flame              Hex/Fire       0%         N/A       100%        3
 Mephitic Cloud           Conj/Pois/Air  0%         N/A       100%        3
 Stone Arrow              Conj/Erth      0%         3d7       100%        3
 Swiftness                Air            0%         N/A       100%        3
 Tukima's Dance           Hex            0%         N/A       100%        3
 Vampiric Draining        Necr           0%         2d6       100%        3
 Volatile Blastmotes      Fire/Tloc      0%         2d10      100%        3
 Airstrike                Air            0%         2d(0-16)  100%        4
 Anguish                  Hex/Necr       0%         N/A       100%        4
 Animate Armour           Summ/Erth      0%         N/A       100%        4
 Brom's Barrelling Bould  Conj/Erth      0%         2d3       100%        4
 Dimensional Bullseye     Hex/Tloc       0%         N/A       100%        4
 Dispel Undead            Necr           0%         3d6       100%        4
 Flame Wave               Conj/Fire      0%         2d4       100%        4
 Fulminant Prism          Conj/Hex       0%         3d5       100%        4
 Iskenderun's Mystic Bla  Conj/Tloc      0%         2d3       100%        4
 Sticky Flame             Conj/Fire      0%         2d3       100%        4
 Summon Lightning Spire   Summ/Air       0%         N/A       100%        4
 Vhi's Electric Charge    Tloc/Air       0%         N/A       100%        4
 Agony                    Necr           0%         N/A       100%        5
 Alistair's Intoxication  Tmut/Pois      0%         N/A       100%        5
 Arcjolt                  Conj/Air       0%         1d10      100%        5
 Borgnjor's Vile Clutch   Necr/Erth      0%         N/A       100%        5
 Fireball                 Conj/Fire      0%         3d3       100%        5
 Freezing Cloud           Conj/Ice/Air   0%         6-21      100%        5
 Iskenderun's Battlesphe  Conj           0%         2d6       100%        5
 Conjure Ball Lightning   Conj/Air       0%         3x3d6     100%        6
 Dispersal                Tloc           0%         N/A       100%        6
 Eringya's Noxious Bog    Tmut/Pois      0%         4d6       100%        6
 Orb of Destruction       Conj           0%         9d5       100%        7
 Summon Hydra             Summ           0%         N/A       100%        7
 Lehudib's Crystal Spear  Conj/Erth      0%         10d2      100%        8
 Maxwell's Capacitive Co  Air            0%         ∞         100%        8
 Dragon's Call            Summ           0%         N/A       100%        9


Dungeon Overview and Level Annotations

Branches:
Dungeon (15/15)            Temple (1/1) D:4            Lair (5/5) D:11
  Swamp (0/4) Lair:2       Spider (2/4) Lair:3        Slime (0/5) Lair:4
    Orc (2/2) D:10            Elf (0/3) Orc:2        Vaults (0/5) D:14
 Depths (0/4) D:15          Sewer (visited)         Ossuary (visited)
  IceCv (visited)         Volcano (visited)

Altars:
Ashenzari
Cheibriados
Dithmenos
Elyvilon
Fedhas
Gozag
Hepliaklqana
Kikubaaqudgha
Makhleb
Nemelex Xobeh
Okawaru
Qazlal
Ru
Sif Muna
Trog
Uskayaw
Vehumet
Wu Jian
Xom
Yredelemnul
Zin
The Shining One
Jiyva
Lugonu

Shops:
D:6 [   D:7 *   D:14 [   Orc:1 (   Orc:2 (![[*

Portals:
Abyss: Lair:5
Trove: D:13 (give 4 scrolls of blinking)

Annotations:
D:14 2 transporters, exclusion: 2 obsidian statues, Xesmix's ghost, journeyman FeEn
Lair:4 3 runed translucent doors, exclusion: oklob plant, DocEon's ghost, journeyman DrSh
Spider:1 1 runed translucent door, Baxzics's ghost, adept DECj


Innate Abilities, Weirdness & Mutations

You are something dangerously unstable.
You glow with magical radiation, making you easy to see and hit.
Foes you strike become dangerously contaminated with magical radiation.
You are incapable of wielding weapons or throwing items.
You have razor-sharp teeth.
Your natural rate of healing is unusually fast.
When hurt, damage is shared between your health and your magic reserves.
Your bite disrupts and absorbs the magic of your enemies.
Potions cannot restore your health.


Message History

You feel sick.
The orb spider is engulfed in freezing vapours.
The orb spider begins to weave its threads into a brightly glowing ball.
The redback simulacrum bites you.
* * * LOW HITPOINT WARNING * * *
The redback simulacrum freezes you!
* * * LOW HITPOINT WARNING * * *
You take 13 damage, and have 8/98 hp.
You now have 3/27 mp.
Your system rejects the healing.
You feel better.
The redback simulacrum bites you but does no damage.
Okay, then.
Unknown command.
You punch the redback simulacrum!
The redback simulacrum vaporises!
Aiming: Major Destruction (1% risk of failure)
Press: ? - help, Shift-Dir - straight line, f - orb spider
Aim: an orb spider (moderately wounded, soul bound, fully charged)
The bolt of magma hits the orb spider!!
The orb spider is severely wounded.
The orb spider weaves a glowing orb of energy.
An orb of destruction comes into view.
You take 5 damage, and have 5/98 hp.
You don't have enough health at the moment.
Unknown command.
Okay, then.
Unknown command.
Aiming: Iceblast
Press: ? - help, Shift-Dir - straight line, f/p - orb spider
Aim: an orb spider (severely wounded, soul bound)
The mass of ice explodes!
The iceblast engulfs the orb spider!
You kill the orb spider!
Makhleb accepts your kill.
You feel better.
A freezing mist starts to gather...
An orb spider simulacrum comes into view.
You hear a skittering sound.
Your life force feels restored.
You regained 8 hp, and now have 13/99 hp.
The orb of destruction hits you!!!
Ouch! That really hurt!
You die...

#........# .#
#........# .#
#........# #^
#..>.....#### .#
##.......^..##.#
#.........Z...#
#.........°...##
#........○○°...#
#.......p##..#..#
......####..## .#
##.... ...## .
#####..... ###..#
#.. #.. #.#


You could see an orb spider simulacrum.

Vanquished Creatures
  An ancient lich (Abyss:2)
  A bone dragon (Abyss:2)
  A tentacled starspawn (Abyss:2)
  A ghost moth (Spider:1)
  2 entropy weavers
  A fire dragon (Volcano)
  Snorg (D:10)
  A vault guard (D:13)
  A catoblepas (D:14)
  2 ogre magi (Orc:2)
  6 hydras
  13 two-headed ogres
  4 boulder beetles
  2 centaur warriors
  2 demonic crawlers (Spider:1)
  12 death yaks
  Urug (D:10)
  6 tengu warriors
  An orc high priest (Orc:2)
  5 thrashing horrors
  4 sun demons (Volcano)
  An iron troll (Orc:2)
  2 pharaoh ants
  Nergalle (Orc:1)
  6 skeletal warriors
  A deep troll (Orc:2)
  A swamp dragon (Lair:2)
  An orb spider (Spider:2)
  Lodul (D:14)
  A deep elf archer (D:14)
  A death drake (shapeshifter) (D:15)
  An anaconda skeleton (Abyss:2)
  A phantasmal warrior (D:15)
  3 lindwurms (Lair:1)
  2 orc knights
  A harpy (shapeshifter) (D:13)
  12 ugly things
  3 deep elf pyromancers (D:14)
  A necromancer (D:15)
  2 worldbinders
  A frost giant zombie (D:15)
  4 cyclopes
  2 wolf spiders
  A manticore (D:15)
  4 elephants (Lair:4)
  3 black mambas
  A gargoyle (D:14)
  7 smoke demons
  8 cane toads
  An unseen horror (D:13)
  10 komodo dragons
  6 kobold demonologists
  An efreet (D:14)
  4 yaktaurs (D:14)
  An anaconda simulacrum (Abyss:2)
  3 tengu conjurers
  3 ancient zymes (Abyss:2)
  5 rime drakes
  2 polar bears (Lair:5)
  15 trolls
  30 blink frogs
  6 tarantellas
  Prince Ribbit (Lair:3)
  6 dream sheep (Lair:5)
  13 slime creatures
  3 raiju
  2 ettin zombies (D:15)
  An iron dragon simulacrum (Abyss:2)
  5 jumping spiders
  5 large abominations
  9 small abominations
  Sigmund (D:3)
  2 culicivoras
  2 spriggans (Lair:5)
  A water elemental (D:15)
  2 ynoxinuls (Lair:5)
  A wraith (D:11)
  2 shadows
  2 vampires
  3 wyverns
  16 starcursed masses (Abyss:2)
  34 yaks
  6 basilisks
  6 steam dragons
  4 vampire mosquitoes (D:14)
  9 redbacks
  2 chaos spawn
  Menkaure (D:7)
  3 wargs
  2 acid dragons (D:9)
  16 water moccasins
  2 hell hounds (Volcano)
  A glowing shapeshifter skeleton (D:15)
  16 orc warriors
  Pargi (D:3)
  6 sky beasts
  A swamp drake (shapeshifter) (D:14)
  29 ogres
  6 black bears
  29 wolves
  5 boggarts (D:14)
  7 centaurs
  3 phantoms
  6 kobold brigands
  9 bullfrogs
  A naga simulacrum (Abyss:2)
  2 gnoll sergeants
  11 scorpions
  10 wights (D:8)
  4 killer bees (D:9)
  6 howler monkeys
  A lava snake (D:15)
  2 gnoll boudas
  4 hounds
  3 human zombies (Ossuary)
  11 orc priests
  A jelly (Lair:4)
  2 sleepcaps (D:4)
  4 iguanas
  12 orc wizards
  2 scorpion zombies (Ossuary)
  4 hell rats (Lair:5)
  6 mutant beasts (D:8)
  A spriggan simulacrum (IceCv)
  3 mummies (Ossuary)
  15 gnolls
  8 adders
  3 river rats (Sewer)
  3 shadow imps
  3 white imps
  3 ufetubi
  5 worms
  3 dart slugs
  57 orcs
  13 endoplasms
  6 giant cockroaches
  A gnoll zombie (Ossuary)
  4 hobgoblins
  7 jackals
  34 kobolds
  11 quokkas
  11 ball pythons
  12 bats
  6 frilled lizards
  6 goblins
  5 goblin zombies
  A hobgoblin zombie (Ossuary)
  A kobold zombie (Ossuary)
  5 orc zombies (Ossuary)
  17 rats
839 creatures vanquished.

Vanquished Creatures (collateral kills)
  Sonja (Lair:4)
  A cane toad (Lair:4)
  A smoke demon (Volcano)
3 creatures vanquished.

Vanquished Creatures (others)
  An orc warrior (D:14)
  An iguana (Lair:2)
  A starspawn tentacle (Abyss:2)
3 creatures vanquished.

Grand Total: 845 creatures vanquished

Notes
Turn   | Place    | Note
-------+----------+-------------------------------------------
     0 | D:1      | jasper the Vine Stalker Fighter began the quest for the
                  | Orb.
     0 | D:1      | Reached XP level 1. HP: 11/11 MP: 2/2
   145 | D:1      | Reached XP level 2. HP: 16/16 MP: 3/3
   628 | D:1      | Reached XP level 3. HP: 20/20 MP: 4/4
   982 | D:2      | Reached skill level 3 in Unarmed Combat
  1036 | D:2      | Found the +7 staff of the Meek {protect, meekguard}
  1060 | D:2      | Found an ornate altar of the Wu Jian Council.
  1321 | D:2      | Reached XP level 4. HP: 24/24 MP: 5/5
  1900 | D:3      | Noticed Sigmund
  1909 | D:3      | Killed Sigmund
  1910 | D:3      | Reached skill level 4 in Unarmed Combat
  1910 | D:3      | Reached XP level 5. HP: 17/29 MP: 3/6
  1910 | D:3      | Reached XP level 6. HP: 20/33 MP: 3/7
  2616 | D:3      | Noticed Pargi
  2644 | D:3      | Killed Pargi
  2645 | D:3      | Reached skill level 5 in Unarmed Combat
  2777 | D:4      | Found a sand-covered staircase.
  2803 | Ossuary  | Entered an ossuary
  2826 | Ossuary  | Reached XP level 7. HP: 37/37 MP: 8/8
  2987 | Ossuary  | Reached skill level 6 in Unarmed Combat
  3100 | Ossuary  | Gained mutation: You have razor-sharp teeth. [Vine Stalker
                  | growth]
  3100 | Ossuary  | Reached XP level 8. HP: 23/42 MP: 6/9
  3343 | D:4      | Reached skill level 5 in Fighting
  3402 | D:4      | Found a broken altar of Ashenzari.
  3410 | D:4      | Reached skill level 7 in Unarmed Combat
  3524 | D:4      | Found a staircase to the Ecumenical Temple.
  3574 | Temple   | Entered the Ecumenical Temple
  3593 | Temple   | Became a worshipper of Makhleb the Destroyer
  3788 | D:4      | Found an iron altar of Okawaru.
  3911 | D:4      | Found a shimmering altar of Xom.
  3920 | D:4      | Found a sacrificial altar of Ru.
  3956 | D:5      | Entered Level 5 of the Dungeon
  4031 | D:5      | Noticed a +0 falchion
  4031 | D:5      | Noticed a +0 falchion
  4032 | D:5      | Noticed a +0 spear
  4032 | D:5      | Noticed a +0 dagger
  4032 | D:5      | Noticed a +0 short sword
  4033 | D:5      | Noticed a +0 dagger
  4033 | D:5      | Noticed a +0 short sword
  4034 | D:5      | Noticed a +0 spear
  4039 | D:5      | Found a hide-covered altar of Uskayaw.
  4054 | D:5      | Reached skill level 5 in Armour
  4312 | D:5      | Reached skill level 8 in Unarmed Combat
  4583 | D:5      | Found a glowing drain.
  4593 | Sewer    | Entered a sewer
  4741 | Sewer    | Reached * piety under Makhleb
  4825 | Sewer    | Reached XP level 9. HP: 48/48 MP: 10/10
  5821 | D:6      | Found Boskuf's Armour Boutique.
  6371 | D:7      | Reached skill level 9 in Unarmed Combat
  6402 | D:7      | Reached ** piety under Makhleb
  6634 | D:7      | Noticed a troll
  6656 | D:7      | Killed a troll
  6781 | D:7      | Found Ytecwa's Assorted Antiques.
  6784 | D:7      | Bought a scroll labelled JURIUF EREI for 24 gold pieces
  6818 | D:7      | Reached skill level 10 in Unarmed Combat
  6818 | D:7      | Reached XP level 10. HP: 53/53 MP: 11/11
  7035 | D:7      | Noticed a cyclops
  7045 | D:7      | Killed a cyclops
  7217 | D:7      | Noticed Menkaure
  7220 | D:7      | Killed Menkaure
  7589 | D:8      | Reached *** piety under Makhleb
  7737 | D:8      | Identified the +3 chain mail of Cotocug {rF- Dex+4}
  7816 | D:8      | Noticed a juvenile stingfire beast
  7846 | D:8      | Killed a juvenile stingfire beast
  8421 | D:9      | Reached XP level 11. HP: 62/62 MP: 12/12
  8798 | D:9      | Reached **** piety under Makhleb
  8907 | D:9      | Got a sparkling book
  9213 | D:10     | Entered Level 10 of the Dungeon
  9278 | D:10     | Noticed a two-headed ogre
  9290 | D:10     | Killed a two-headed ogre
  9367 | D:10     | Found an ornate altar of the Wu Jian Council.
  9475 | D:10     | Noticed Urug
  9500 | D:10     | Killed Urug
  9539 | D:10     | Noticed Snorg
  9547 | D:10     | Killed Snorg
  9548 | D:10     | Reached skill level 10 in Fighting
  9895 | D:10     | Found a staircase to the Orcish Mines.
  9934 | D:10     | Reached skill level 10 in Armour
  9977 | D:10     | Reached skill level 1 in Invocations
 10347 | D:11     | Identified the +5 plate armour of the Tsukumogami {rElec
                  | rF+ Will+ Int+3}
 10355 | D:11     | Identified the +2 helmet of the Mashing Gods {Int+2}
 10401 | D:11     | Noticed a death yak
 10401 | D:11     | Noticed a death yak
 10429 | D:11     | Noticed a death yak
 10430 | D:11     | Noticed a death yak
 10431 | D:11     | Noticed a death yak
 10433 | D:11     | Noticed a death yak
 10435 | D:11     | Killed a death yak
 10452 | D:11     | Killed a death yak
 10453 | D:11     | Reached skill level 5 in Invocations
 10462 | D:11     | Killed a death yak
 10463 | D:11     | Reached XP level 12. HP: 35/67 MP: 17/17
 10468 | D:11     | Killed a death yak
 10474 | D:11     | Killed a death yak
 10484 | D:11     | Killed a death yak
 10523 | D:11     | Reached skill level 1 in Shapeshifting
 10525 | D:11     | Noticed a two-headed ogre
 10537 | D:11     | Killed a two-headed ogre
 10646 | D:11     | Noticed a two-headed ogre
 10653 | D:11     | Killed a two-headed ogre
 10721 | D:11     | Reached skill level 5 in Shapeshifting
 10728 | D:11     | Reached ***** piety under Makhleb
 10825 | D:11     | Found a staircase to the Lair.
 11232 | D:12     | Noticed a boulder beetle
 11262 | D:11     | Killed a boulder beetle
 11290 | Lair:1   | Entered Level 1 of the Lair of Beasts
 11593 | Lair:1   | Reached XP level 13. HP: 72/72 MP: 19/19
 12300 | Lair:2   | Reached skill level 10 in Shapeshifting
 12786 | Lair:2   | Found a staircase to the Swamp.
 13360 | Lair:3   | Noticed Prince Ribbit
 13373 | Lair:3   | Killed Prince Ribbit
 13551 | Lair:3   | Found a hole to the Spider Nest.
 13682 | Lair:3   | Reached XP level 14. HP: 77/77 MP: 20/20
 14177 | Lair:4   | Found a runed translucent gate.
 14177 | Lair:4   | Found a runed translucent gate.
 14178 | Lair:4   | Found a runed translucent gate.
 14178 | Lair:4   | Noticed DocEon's ghost (journeyman DrSh)
 14404 | Lair:4   | Found a frozen archway.
 14413 | IceCv    | Entered an ice cave
 14529 | Lair:4   | Found a staircase to the Slime Pits.
 14566 | Lair:4   | Reached ****** piety under Makhleb
 14595 | Lair:4   | Found a viscous altar of Jiyva.
 14736 | Lair:4   | Noticed Sonja
 14749 | Lair:4   | Killed Sonja
 15380 | Orc:1    | Entered Level 1 of the Orcish Mines
 15706 | Orc:1    | Noticed Nergalle
 15715 | Orc:1    | Killed Nergalle
 15736 | Orc:1    | Found Heint's Weapon Emporium.
 16153 | Orc:2    | Entered Level 2 of the Orcish Mines
 16629 | Orc:2    | Found a dark tunnel.
 16653 | Volcano  | Entered a volcano
 16710 | Volcano  | Reached skill level 11 in Unarmed Combat
 17019 | Volcano  | Reached XP level 15. HP: 81/81 MP: 22/22
 17050 | Volcano  | Reached XP level 16. HP: 86/86 MP: 22/24
 17051 | Volcano  | Reached skill level 12 in Unarmed Combat
 17051 | Volcano  | Reached XP level 17. HP: 91/91 MP: 22/25
 17275 | Orc:2    | Found a staircase to the Elven Halls.
 17318 | Orc:2    | Found Letuly's Luxury Loot.
 17323 | Orc:2    | Bought a potion of lignification for 45 gold pieces
 17483 | Orc:2    | Found Xuguyghe's Armour Shop.
 17488 | Orc:2    | Found Soacap's Antique Weapon Boutique.
 17488 | Orc:2    | Found Dauggowu's Armour Emporium.
 17498 | Orc:2    | Found Koimuz's Distillery.
 17502 | Orc:2    | Bought a +2 cloak of preservation for 279 gold pieces
 17518 | Orc:2    | Bought a potion of magic for 120 gold pieces
 17518 | Orc:2    | Bought 2 potions of curing for 90 gold pieces
 17518 | Orc:2    | Bought a potion of ambrosia for 120 gold pieces
 17518 | Orc:2    | Bought a potion of might for 60 gold pieces
 17738 | Lair:5   | Entered Level 5 of the Lair of Beasts
 18115 | Lair:5   | Reached skill level 10 in Invocations
 18282 | Lair:5   | Reached skill level 13 in Unarmed Combat
 18437 | Lair:5   | Found a corrupted altar of Lugonu.
 18437 | Lair:5   | Found a one-way gate to the infinite horrors of the Abyss.
 18437 | Lair:5   | Found the sphere of Battle
 19788 | D:12     | Identified a scroll of acquirement
 19789 | D:12     | Acquired 1241 gold pieces
 20317 | D:13     | Found a portal to a secret trove of treasure.
 20879 | D:14     | Reached skill level 14 in Unarmed Combat
 20882 | D:14     | Found a transporter.
 20900 | D:14     | Noticed Xesmix's ghost (journeyman FeEn)
 20922 | D:14     | Found a transporter.
 20979 | Abyss:2  | Found a corrupted altar of Lugonu.
 20979 | Abyss:2  | Cast into level 2 of the Abyss (a wizard)
 21081 | Abyss:2  | Found a corrupted altar of Lugonu.
 21172 | Abyss:2  | Noticed a bone dragon
 21196 | Abyss:2  | Paralysed by accursed screaming for 1 turns
 21201 | Abyss:2  | Killed a bone dragon
 21201 | Abyss:2  | Paralysed by accursed screaming for 1 turns
 21371 | Abyss:2  | Noticed a tentacled starspawn
 21372 | Abyss:2  | Noticed an ancient lich
 21395 | Abyss:2  | Killed an ancient lich
 21403 | Abyss:2  | Killed a tentacled starspawn
 21558 | D:14     | Escaped the Abyss
 21638 | D:14     | Found Xeclith's Armour Shoppe.
 21741 | D:14     | Found a gate to the Vaults.
 21753 | D:14     | Reached XP level 18. HP: 98/98 MP: 27/27
 21865 | D:14     | Bought a +1 pair of boots for 172 gold pieces
 21897 | D:14     | Noticed Lodul
 21927 | D:14     | Killed Lodul
 22036 | D:14     | Reached skill level 15 in Unarmed Combat
 22399 | D:15     | Entered Level 15 of the Dungeon
 22578 | D:15     | Found a staircase to the Depths.
 23372 | Spider:1 | Entered Level 1 of the Spider Nest
 23415 | Spider:1 | Found a runed translucent door.
 23425 | Spider:1 | Noticed Baxzics's ghost (adept DECj)
 24035 | Spider:1 | You fall into a shaft and drop 1 floor!
 24152 | Spider:2 | Blown up by an orb spider

Illustrated notes

Levels and vault maps discovered:
D:1:      onia_arrival_handbag, layout_basic, serial_bayou_pond_e
D:2:      layout_basic, basic_altar, solitary_fountain, minmay_rat_gold_closets
D:3:      layout_rooms, serial_co_window_serial, co_window_paths_a,
          co_window_of_opportunity_a, co_window_cross_1, co_window_paths_b,
          co_window_paths_a, co_window_corner_a, co_window_paths_a,
          co_window_corner_cb, co_window_2corner, co_window_corner_b,
          co_window_2corner, chequers_serial_rivers_marsh,
          kennysheep_generic_room_12, uniq_sigmund, uniq_pargi
D:4:      layout_cave_pools, lemuel_round_altar, okawaru_trees_1,
          mainiacjoe_overflow_swirl, minmay_temple_entry_crystal_x,
          enter_ossuary_4, hellmonk_no_cap
D:5:      layout_basic, nicolae_uskayaw_en_pointe, gup_sewer_entry_spiral
D:6:      layout_gridville, serial_shops, shop
D:7:      minmay_cornered_nines, layout_gridville, serial_shops,
          nicolae_shop_real_fake_doors, kennysheep_generic_room_15,
          uniq_menkaure
D:8:      layout_rooms, serial_corexii_hall, chequers_hall_statues_corner_a,
          corexii_hall_statues_i, nicolae_beast_mode
D:9:      layout_grid_maze
D:10:     layout_loops_corners, nzn_wu_jian_contemplation,
          minmay_orc_entry_temple_small, minmay_variable_closet, uniq_snorg,
          uniq_urug
D:11:     layout_irregular_city, dpeg_lair_monsters
D:12:     layout_long_grid, minmay_misc_feat_more_columns
D:13:     layout_irregular_city, enter_trove_5, dk_noncrumbling_4
D:14:     layout_irregular_city, hangedman_vaults_entry_quadrant_bands,
          nzn_ghost_randoct, serial_shops, nicolae_shop_window_shopping,
          uniq_lodul
D:15:     gammafunk_depths_entry_grave, layout_rooms, nicolae_lava_and_water
Temple:   nicolae_temple_slightly_damp_pantheon
Lair:1:   layout_chaotic_city, nicolae_lair_lindhole,
          infiniplex_staircase_pool_2
Lair:2:   layout_loops_ring, minmay_swamp_entry_reptiles, wad_woods_river_01
Lair:3:   layout_roguey, nicolae_spider_entry_non_spiders,
          chequers_serial_rivers_micro_b, uniq_prince_ribbit2
Lair:4:   layout_cave_pods, nicolae_slime_entry_slimehenge,
          portal_ice_cave_rime, gammafunk_ghost_hydra_chop, grunt_megastairs_3,
          lemuel_fruit_tree, serial_bayou_shore_b, uniq_sonja
Lair:5:   hellmonk_lair_end_abyssal_woods, layout_cave_shapes,
          minmay_stone_trees_small
Spider:1: layout_cave_pods, ebering_ghost_reflecting_pool,
          nicolae_spider_webbed_stairs
Spider:2: layout_cave_pods, worms_lemuel
Orc:1:    layout_caves, serial_shops, nicolae_shop_advertising_works
          [nicolae_subvault_shop_adworks], mines1_david, uniq_nergalle
Orc:2:    st_orc_open, layout_caves, nicolae_volcano_entry_lava_flow,
          nicolae_alphabet_shops

Skill      XL: |  1  2  3  4  5  6  7  8  9 10 11 12 13 14 15 16 17 18 |
---------------+-------------------------------------------------------+-----
Fighting       | 3 4 5 6 9 10 11 12 | 12.7
Unarmed Combat | 3 4 5 6 8 10 11 12 14 15 | 15.6
Armour         | 3 4 5 6 8 10 11 12 | 12.3
Invocations    | 5 7 8 9 11 | 11.9
Shapeshifting  | 8 12 14 | 14.0
Shields        | |  2.7

Action                     |  1- 3 |  4- 6 |  7- 9 | 10-12 | 13-15 | 16-18 || total
---------------------------+-------+-------+-------+-------+-------+-------++-------
  Melee: Unarmed           |   101 |   154 |   419 |   662 |   879 |  1107 ||  3322
         Bite              |    20 |    41 |   121 |   234 |   384 |   564 ||  1364
  Throw: Dart              |       |     9 |     3 |       |       |       ||    12
         Stone             |       |     2 |       |       |       |       ||     2
         Boomerang         |       |       |     6 |    17 |       |       ||    23
 Invoke: Lesser Servant of |       |       |       |       |     1 |       ||     1
         Greater Servant o |       |       |       |       |     1 |       ||     1
         Major Destruction |       |       |       |       |       |     2 ||     2
  Evoke: Wand              |       |       |     4 |       |     3 |     2 ||     9
    Use: Scroll            |     4 |     4 |    13 |     3 |     4 |     2 ||    30
         Potion            |       |     1 |     1 |     7 |     1 |     3 ||    13
   Stab: Invisible         |       |       |       |    10 |       |       ||    10
 Armour: Scale mail        |    17 |       |       |       |       |       ||    17
         Chain mail        |    23 |    80 |   269 |       |       |       ||   372
         Plate armour      |       |       |    25 |   739 |   996 |  1374 ||  3134
         Skin              |       |       |       |     6 |       |       ||     6
         Steam dragon scal |       |       |       |       |    23 |       ||    23
  Dodge: Dodged            |    36 |    43 |   122 |   234 |   331 |   365 ||  1131
  Block: Buckler           |    24 |    49 |    96 |   158 |       |       ||   327
   Form: Flux              |       |       |       |     1 |       |       ||     1

Table legend: (Time is in decaauts)
 A = Elapsed time spent in this place.
 B = Non-inter-level travel time spent in this place.
 C = Inter-level travel time spent in this place.
 D = Time resting spent in this place.
 E = Time spent auto-exploring this place.
 F = Levels seen in this place.
 G = Mean time per level.
                   A        B        C        D        E       F      G
               +--------+--------+--------+--------+--------+-----+--------+
         Total |  23768 |  22416 |   1352 |    872 |  15025 |  30 |  792.3 |
       Dungeon |  13391 |  12732 |    659 |    387 |   9091 |  15 |  892.7 |
        Temple |     38 |      2 |     36 |      0 |      0 |   1 |   38.0 |
          Lair |   5535 |   4973 |    562 |     26 |   3511 |   5 | 1107.0 |
   Spider Nest |    729 |    729 |      0 |      0 |    482 |   2 |  364.5 |
  Orcish Mines |   1628 |   1534 |     94 |    144 |    843 |   2 |  814.0 |
         Abyss |    541 |    541 |      0 |     77 |    257 |   1 |  541.0 |
         Sewer |    961 |    961 |      0 |    230 |    458 |   1 |  961.0 |
       Ossuary |    498 |    498 |      0 |      0 |    182 |   1 |  498.0 |
      Ice Cave |     10 |     10 |      0 |      0 |      0 |   1 |   10.0 |
       Volcano |    434 |    434 |      0 |      7 |    200 |   1 |  434.0 |
               +--------+--------+--------+--------+--------+-----+--------+

Top non-repeatable levels by time:
  Lair:5: 1319 daAuts
  Lair:1: 1120 daAuts
    D:10: 1119 daAuts
  Lair:4: 1111 daAuts
     D:7: 1083 daAuts
    D:11: 1070 daAuts
  Lair:2: 1034 daAuts
    D:14: 1014 daAuts
     D:5: 996 daAuts
     D:9: 976 daAuts
   Sewer: 961 daAuts
  Lair:3: 950 daAuts
     D:1: 940 daAuts
     D:2: 921 daAuts
     D:3: 885 daAuts
